[Event "African Open (w)"]
[Site "followchess.com"]
[Date "2022.09.20"]
[Round "3"]
[White "Pires, Luzia"]
[Black "Nkhoma, Desiderata"]
[Result "1-0"]
[ECO "D02"]
[WhiteElo "1839"]
[BlackElo "1446"]
[PlyCount "129"]
[EventDate "2022.??.??"]
[TimeControl "5400+30"]

1. d4 d5 2. Nf3 c6 3. e3 Nf6 4. Bd3 Bg4 5. Nbd2 e6 6. c3 Bd6 7. Qc2 h6 8. b3 O-O 9. h3 Bxf3 10. gxf3 Nh5 11. f4 f5 12. Nf3 Nd7 13. Qe2 Nhf6 14. Ne5 Ne4 15. Bxe4 fxe4 16. Qg4 Bxe5 17. Qxe6+ Rf7 18. dxe5 Qe7 19. Qg6 Nxe5 20. fxe5 Qxe5 21. Bb2 Raf8 22. O-O-O Rxf2 23.
Rd2 Qf6 24. Qxf6 R8xf6 25. Rh2 Rxh2 26. Rxh2 Rf3 27. Kd2 g5 28. c4 Kf7 29. cxd5 cxd5 30. Bd4 a6 31. Kc3 Ke6 32. Kb4 Rf7 33. Kc5 Rc7+ 34. Kb6 Rf7 35. a4 Kd6 36. a5 Ke6 37. b4 h5 38. Rg2 Kf5 39. Rf2+ Ke6 40. Rg2 Kf5 41. Kc5 Rd7 42. Rf2+ Kg6 43.
Rf6+ Kh7 44. Rd6 Rxd6 45. Kxd6 Kg6 46. Kxd5 Kf5 47. Be5 g4 48. hxg4+ hxg4 49. Bg3 Kg6 50. Kxe4 Kf6 51. Kd5 Ke7 52. Ke5 Kd7 53. Kf5 Kc6 54. Kxg4 b6 55. axb6 Kxb6 56. Be1 Kc6 57. Kf5 Kd6 58. e4 Ke7 59. e5 Kf7 60. Bh4 Ke8 61. Ke6 Kf8 62.
Kd7 a5 63. e6 axb4 64. Be7+ Kg7 65. Bxb4 1-0

[Event "African Open (w)"]
[Site "followchess.com"]
[Date "2022.09.20"]
[Round "3"]
[White "Pelomoh Jessica"]
[Black "Abigail Karyah"]
[Result "1-0"]
[ECO "D02"]
[WhiteElo "1904"]
[BlackElo "1435"]
[PlyCount "81"]
[EventDate "2022.??.??"]
[TimeControl "5400+30"]

1. d4 d5 2. Bf4 Nf6 3. Nf3 e6 4. e3 Be7 5. Nbd2 Nbd7 6. c4 c5 7. Qa4 O-O 8. cxd5 Nxd5 9. Bg3 Bf6 10. Be2 N7b6 11. Qb3 cxd4 12. Nxd4 Bxd4 13. exd4 Qf6 14. Be5 Qg5 15. Nf3 Qe7 16. O-O Rd8 17. Rac1 Bd7 18. a3 Rac8 19. h3 Ba4 20. Qa2 Qe8 21. b3 Nc3 22. Rxc3 Rxc3 23. bxa4 Qxa4 24. Qd2 Qxa3 25. Qg5 f6 26. Bxf6 Rd7 27. Ne5 Rdc7 28. Bd8 Rc8 29. Bh5 Rc1 30. Bf7+ Kf8 31. Bxe6 Rxf1+ 32. Kxf1 Rc1+ 33. Ke2 Rc2+ 34. Kd1 Rxf2 35. Ke1 Rb2 36. Qf5+ Ke8 37. Qf7+ Kxd8 38. Qg8+ Ke7 39. Qxg7+ Kxe6 40. Qf7+ Kd6 41. Qf8+ 1-0

[Event "African Open (w)"]
[Site "followchess.com"]
[Date "2022.09.20"]
[Round "3"]
[White "Mudodo, Refiloe Hazel"]
[Black "Aramude, Sandra"]
[Result "1-0"]
[ECO "C41"]
[WhiteElo "1683"]
[BlackElo "1813"]
[PlyCount "103"]
[EventDate "2022.??.??"]
[TimeControl "5400+30"]

1. e4 e5 2. Nf3 d6 3. d4 exd4 4. Qxd4 Nc6 5. Bb5 Bd7 6. Bxc6 Bxc6 7. O-O Qf6 8. Nc3 Qxd4 9. Nxd4 Bd7 10. Bf4 f6 11. Ndb5 Bxb5 12. Nxb5 Kd7 13. c4 a6 14. Nd4 c5 15. Nf5 g6 16. Nxd6 Bxd6 17. Rfd1 Rd8 18. Rxd6+ Kc8 19. Rxd8+ Kxd8 20. Rd1+ Kc8 21. Rd5 Ne7 22. Rxc5+ Nc6 23. a3 Rd8 24. Rd5 Na5 25. Kf1 b5 26. Rc5+ Kb7 27. cxb5 Rd4 28. bxa6+ Kxa6 29. Bc7 Nc4 30. f3 Nxb2 31. Ra5+ Kb7 32. Rb5+ Kxc7 33. Rxb2 Rd3 34. Ra2 Kb6 35. Ke2 Rb3 36. Kd2 Ka5 37. a4 g5 38. Ke2 h5 39. Kf2 h4 40. g3 h3 41. g4 Rc3 42. Rd2 Rc6 43. Rd4 Rc2+ 44. Kg3 Ra2 45. Kxh3 Rxa4 46. Rxa4+ Kxa4 47. Kg3 Kb4 48. h4 gxh4+ 49. Kxh4 Kc5 50. g5 fxg5+ 51. Kxg5 Kd6 52. Kf6 1-0

[Event "African Open (w)"]
[Site "followchess.com"]
[Date "2022.09.20"]
[Round "3"]
[White "Ampaire Shakira"]
[Black "Laubscher, Anzel"]
[Result "0-1"]
[ECO "B70"]
[WhiteElo "1657"]
[BlackElo "1705"]
[PlyCount "110"]
[EventDate "2022.??.??"]
[TimeControl "5400+30"]

1. e4 c5 2. Nf3 d6 3. d4 cxd4 4. Nxd4 Nf6 5. Nc3 g6 6. Bb5+ Bd7 7. O-O Bg7 8. Re1 O-O 9. Bg5 Nc6 10. Nxc6 bxc6 11. Bc4 Ng4 12. Qd2 Rb8 13. Bb3 Be6 14. h3 Ne5 15. Bh6 c5 16. Bxg7 Kxg7 17. Rab1 Nc6 18. Bd5 Nd4 19. Ne2 Nxe2+ 20. Rxe2 Qb6 21. Re3 Qb4 22. Qd3 Qd4 23. Qxd4+ cxd4 24. Rd3 Bxd5 25. exd5 Rfc8 26. Rxd4 Rxc2 27. Ra4 Rb7 28. b4 Rd2 29. Ra5 Kf6 30. Re1 Rc7 31. a3 h5 32. h4 e6 33. dxe6 fxe6 34. g3 d5 35. Ra6 Re7 36. b5 Rb2 37. a4 Kf5 38. Re3 d4 39. Rf3+ Ke5 40.
Rc6 Ra2 41. Rc5+ Kd6 42. Rc6+ Kd5 43. Rb3 Rxa4 44. Rc8 Rd7 45. Rb8 Ra1+ 46. Kg2 Kc4 47. Rf3 d3 48. Rxd3 Kxd3 49. b6 axb6 50. Rxb6 Ra2 51. Rxe6 Rf7 52. Re3+ Kd4 53. Rf3 Rxf3 54. Kxf3 Ke5 55. g4 Ra8 0-1

[Event "African Open (w)"]
[Site "followchess.com"]
[Date "2022.09.20"]
[Round "3"]
[White "Oyelese, Mayomi"]
[Black "Vilhete, Vania Fausto Da T."]
[Result "0-1"]
[ECO "D37"]
[WhiteElo "1677"]
[BlackElo "1718"]
[PlyCount "136"]
[EventDate "2022.??.??"]
[TimeControl "5400+30"]

1. d4 d5 2. c4 e6 3. Nc3 Nf6 4. Nf3 Be7 5. Bf4 a6 6. e3 O-O 7. h3 Nbd7 8. a3 dxc4 9. Bxc4 b5 10. Bd3 Bb7 11. O-O c5 12. dxc5 Nxc5 13.
Be2 Qb6 14. b4 Nce4 15. Nxe4 Bxe4 16. Qd4 Qb7 17. Rac1 Rac8 18. Be5 Rfd8 19. Qb2 h6 20. Rxc8 Rxc8 21. Rc1 Rxc1+ 22. Qxc1 Nd7 23. Bb2 Nb6 24. Ne1 Bd5 25. Bf3 Bxf3 26. Nxf3
Nc4 27. Bd4 Qd5 28. Nd2 e5 29. Nxc4 exd4 30. Nb6 Qb7 31. Qc8+ Qxc8 32. Nxc8 Bf6 33. exd4 Bxd4 34. Ne7+ Kf8 35. Nd5 Be5 36. Kf1 Ke8 37. Ke2 Kd7 38. Kd3 Bb2 39. a4 Kd6 40. Nc3 Bxc3 41. Kxc3 bxa4 42. Kb2 Kc6 43. Ka3 Kb5 44. h4 h5 45. f3 f5 46. f4 g6 47. g3 a5 48. bxa5 Kxa5 49. Kb2 Kb4 50.
Ka2 a3 51. Kb1 Kb3 52. Ka1 Kc3 53. Ka2 Kd3 54. Kxa3 Ke3 55. Kb2 Kf3 56. Kc2 Kxg3 57. Kd2 Kxf4 58. Ke2 Kg3 59. Kf1 Kxh4 60. Kg2 Kg4 61. Kh2 Kf3 62. Kg1 Ke2 63. Kg2 f4 64. Kh3 f3 65. Kh4 f2 66. Kg5 f1=Q 67.
Kh4 Qg1 68. Kh3 Kf3 0-1

[Event "African Open (w)"]
[Site "followchess.com"]
[Date "2022.09.20"]
[Round "3"]
[White "Paulo, Jemima"]
[Black "Van Zyl, Charlize"]
[Result "1/2-1/2"]
[ECO "D31"]
[WhiteElo "1886"]
[BlackElo "1710"]
[PlyCount "65"]
[EventDate "2022.??.??"]
[TimeControl "5400+30"]

1. c4 e6 2. Nc3 d5 3. d4 a6 4. e3 Nf6 5. cxd5 exd5 6. Bd3 Nc6 7. Nge2 Bd6 8.
f3 O-O 9. O-O Re8 10. e4 dxe4 11. fxe4 Nxd4 12. Nxd4 Bc5 13. Kh1 Bxd4 14. Bg5 Qd6 15. e5 Qxe5 16. Bxf6 gxf6 17. Ne4 f5 18. Ng5 h6 19. Nf3 Qg7 20. Rc1 Bb6 21. Nh4 Qg4 22. Nxf5 Bxf5 23. Bxf5 Qxd1 24. Rfxd1 Rad8 25. Rxd8 Rxd8 26. h3 Rd2 27. Rc2 Rxc2 28. Bxc2 Bd4 29. b3 Kg7 30. g4 Kf6 31. Kg2 Ke5 32. Kf3 c5 33. a4 1/2-1/2

[Event "African Open (w)"]
[Site "followchess.com"]
[Date "2022.09.20"]
[Round "3"]
[White "Phiri Bertha"]
[Black "Caxita, Esperanca"]
[Result "1/2-1/2"]
[ECO "B01"]
[WhiteElo "1584"]
[BlackElo "1961"]
[PlyCount "132"]
[EventDate "2022.??.??"]
[TimeControl "5400+30"]

1. e4 d5 2. exd5 Qxd5 3. d4 Nf6 4. Nf3 Bg4 5. Be2 Nc6 6. c3 O-O-O 7. Qb3 Qh5 8. h3 e5 9. Be3 e4 10. Ng1 Bxe2 11. Nxe2 Nd5 12. Nf4 Nxf4 13. Bxf4 g5 14. g4 Qg6 15. Be3 h5 16. Rg1 hxg4 17. hxg4 Bd6 18. Nd2 Bh2 19. Rg2 Bf4 20. O-O-O Bxe3 21. fxe3 Rh3 22. Re1 Rdh8 23. Qd5 Re8 24. Rf2 Rg3 25. Rxf7 Ne7 26. Qe5 Qxf7 27. Qxg3 Ng6 28. Kb1 Nh4 29. Rf1 Qg6 30. Kc1 Qe6 31. a3 a5 32. c4 Nf3 33. d5 Qa6 34. Rd1 Nxd2 35. Rxd2 Qxc4+ 36. Kb1 Qf1+ 37. Ka2 Qf3 38. Qf2 Rf8 39. Qe2 Qxe2 40. Rxe2 Rf3 41. Kb3 Rg3 42. Kc3 Rxg4 43. Kd4 Kd7 44. Rf2 Kd6 45. Rf6+ Ke7 46. Rf2 Rh4 47. Rg2 Kf6 48. Rc2 g4 49. Kxe4 g3+ 50. Kf3 Rh2 51. Rxc7 Rxb2 52. Kxg3 Ke5 53. Kf3 Kxd5 54. Kf4 b5 55. e4+ Kd6 56. Ra7 a4 57. e5+ Kd5 58. Rd7+ Ke6 59. Rd6+ Ke7 60. Rb6 Rb3 61. Ke4 Rxa3 62. Rxb5 Ra1 63. Kd3 a3 64. Ra5 Rh1 65. Kc2 Rh3 66. Kb1 Ke8
1/2-1/2

[Event "African Open (w)"]
[Site "followchess.com"]
[Date "2022.09.20"]
[Round "3"]
[White "OLORUNTOLA, Oluwatobiloba"]
[Black "Mbatha, Constance"]
[Result "1/2-1/2"]
[ECO "A28"]
[WhiteElo "1918"]
[BlackElo "1613"]
[PlyCount "118"]
[EventDate "2022.??.??"]
[TimeControl "5400+30"]

1. Nf3 Nc6 2. c4 Nf6 3. Nc3 e5 4. d3 Be7 5. g3 h6 6. Bg2 O-O 7. O-O d6 8. e3 Bg4 9. Qd2 Qd7 10. a3 Rad8 11. b4 b6 12. Bb2 Rfe8 13.
Rac1 Bf8 14. Nd5 Nh7 15. e4 Nb8 16. d4 c6 17. Ne3 exd4 18.
Nxd4 c5 19. Ne2 Bxe2 20. Qxe2 Ng5 21. Qd3 Nc6 22. h4 Ne6 23. b5 Nb8 24. Rcd1 Nc7 25. Nf5 Qe6 26. f3 Nd7 27. Qc3 Qg6 28.
h5 Qh7 29. Nxd6 Bxd6 30. Rxd6 Nf6 31. Qd2 Ne6 32. Bxf6 gxf6 33. Bh3 Nd4 34. Rxd8 Rxd8 35. Qe3 Qg7 36. Kh2 Qf8 37. Qf4 Qg7 38. Qc7 Ne6 39. Bxe6 Rd2+ 40. Kh3 fxe6 41. Qf4 Rd4 42. Rc1 Rd3 43. Rc2 e5 44. Qf5 Kf7 45. g4 Ke7 46. Kg3 Qg5 47. Qxg5 fxg5 48. a4 Ra3 49. Kf2 Rxa4 50. Rc3 Ra1 51. Ke2 Ra2+ 52. Kd3 Ke6 53.
Rc1 Ra3+ 54. Ke2 Ra4 55. Rc3 Ra1 56. Kd2 Ra2+ 57. Kc1 Ra4 58.
Kb2 Rb4+ 59. Kc2 Ra4 1/2-1/2

[Event "African Open (w)"]
[Site "followchess.com"]
[Date "2022.09.20"]
[Round "3"]
[White "Likando Namakau"]
[Black "Ofowino, Toritsemuwa"]
[Result "0-1"]
[ECO "D11"]
[WhiteElo "1527"]
[BlackElo "1857"]
[PlyCount "60"]
[EventDate "2022.??.??"]
[TimeControl "5400+30"]

1. d4 d5 2. Nf3 c6 3. c4 Nf6 4. e3 a6 5. Nc3 Bf5 6. Be2 h6 7. Qb3 Ra7 8. O-O e6 9. Ne5 Nbd7 10. f4 dxc4 11. Bxc4 Be7 12. Ne2 Ne4 13. Bd3 Nxe5 14. fxe5 Nc5 15. dxc5 Qxd3 16. Qb6 Qxe2 17. Qxa7 Bd3 18. Qb8+ Bd8 19. Bd2 Qxd2 20. Rfd1 Qxe3+ 21. Kh1 O-O 22. Qxb7 Be4 23.
Qxa6 Qxc5 24. a4 Qxe5 25. Qa7 Bc7 26. Qg1 Rb8 27. Rd2 Rxb2 28.
Rxb2 Qxb2 29. a5 Bxg2+ 30. Qxg2 Qxa1+ 0-1

[Event "African Open (w)"]
[Site "followchess.com"]
[Date "2022.09.20"]
[Round "3"]
[White "ONOJA, Iyefu Joy"]
[Black "Michael Bridget"]
[Result "1-0"]
[ECO "A46"]
[WhiteElo "1762"]
[BlackElo "1800"]
[PlyCount "37"]
[EventDate "2022.??.??"]
[TimeControl "5400+30"]

1. d4 e6 2. Nf3 Nf6 3. Bf4 d5 4. Nbd2 Bd6 5. Bg3 c5 6. c3 Nc6 7. e3 b6 8. Bb5 Bb7 9. Qa4 Rc8 10. Qxa7 Nd7 11. Bxc6 Bxc6 12. Bxd6 Nf6 13. dxc5 Ne4 14. Nxe4 dxe4 15. Ne5 Bd7 16. c6 Rxc6 17. Nxc6 Bxc6 18. O-O-O Bd5 19. Ba3 1-0

[Event "African Open (w)"]
[Site "followchess.com"]
[Date "2022.09.20"]
[Round "3"]
[White "Wafa, Shahenda"]
[Black "Amadasun, Rosemary"]
[Result "1/2-1/2"]
[ECO "C44"]
[WhiteElo "2110"]
[BlackElo "1807"]
[PlyCount "123"]
[EventDate "2022.??.??"]
[TimeControl "5400+30"]

1. e4 e5 2. Nf3 Nc6 3. d4 exd4 4. Bc4 Be7 5. Nxd4 d6 6.
Nxc6 bxc6 7. Qh5 g6 8. Qf3 Be6 9. Bxe6 fxe6 10. Qc3 Nf6 11.
Qxc6+ Kf7 12. Nc3 Qb8 13. O-O h5 14. h3 Qb6 15. Qc4 c6 16.
Qe2 Nd7 17. Rb1 a5 18. Be3 Qa6 19. Qd2 Kg7 20. f4 Nf6 21. f5 gxf5 22. exf5 e5 23. Qf2 Kf7 24. Qf3 Rag8 25. Bf2 d5 26. Rfe1 Bd6 27. Rbd1 Bb8 28. Na4 e4 29. Qb3 Qc8 30. Nc5 Rg5 31. Qb7+ Qxb7 32. Nxb7 Bc7 33. Bd4 Rhg8 34. Re2 Nd7 35. Nc5 Nxc5 36. Bxc5 Rxf5 37. Rf1 Rxf1+ 38. Kxf1 Ke6 39. Ke1 Bd6 40. Bxd6 Kxd6 41. a4 Ke5 42. c3 c5 43. Rf2 d4 44. cxd4+ cxd4 45. Rc2 Kd5 46. Rf2 Kc4 47. Rc2+ Kb4 48. Rd2 Rd8 49. g4 hxg4 50. hxg4 Kc4 51. g5 e3 52. Rg2 d3 53. g6 e2 54. Kd2 Re8 55. Rg1 Kb3 56. g7 Kxb2 57. g8=Q e1=Q+ 58. Rxe1 Rxg8 59. Kxd3 Rg4 60. Re2+ Kb3 61. Re1 Rxa4 62. Rb1+ 1/2-1/2

[Event "African Open (w)"]
[Site "followchess.com"]
[Date "2022.09.21"]
[Round "4"]
[White "Amadasun, Rosemary"]
[Black "Paulo, Jemima"]
[Result "0-1"]
[ECO "B70"]
[WhiteElo "1807"]
[BlackElo "1886"]
[PlyCount "60"]
[EventDate "2022.??.??"]
[TimeControl "5400+30"]

1. e4 c5 2. Nf3 d6 3. d4 cxd4 4. Nxd4 Nf6 5. Nc3 g6 6. Be2 Bg7 7. Be3 O-O 8. Qd2 Nc6 9. h4 h5 10. f3 d5 11. exd5 Nxd5 12. Nxc6 bxc6 13. Nxd5 cxd5 14. c3 Qd6 15. g4 hxg4 16. fxg4 Bxg4 17.
O-O-O Bxe2 18. Qxe2 Rfc8 19. Qd3 Rab8 20. Rd2 Bxc3 21. bxc3 Qa3+ 22. Kd1 Rxc3 23. Qxc3 Qxc3 24. Ke2 Rb2 25. Rhd1 Qc4+ 26. Ke1 Qxh4+ 27. Ke2 Qc4+ 28. Ke1 Rxa2 29. Bd4 f6 30. Bb2 Qb4 0-1

[Event "African Open (w)"]
[Site "followchess.com"]
[Date "2022.09.21"]
[Round "4"]
[White "Van Zyl, Charlize"]
[Black "Wafa, Shahenda"]
[Result "1/2-1/2"]
[ECO "C50"]
[WhiteElo "1710"]
[BlackElo "2110"]
[PlyCount "152"]
[EventDate "2022.??.??"]
[TimeControl "5400+30"]

1. e4 e5 2. Nf3 Nc6 3. Bc4 Bc5 4. O-O Nf6 5. d3 h6 6. c3 d6 7. a4 a5 8. Be3 Ba7 9. Nbd2 O-O 10. h3 Re8 11. Qb3 Rf8 12. d4 Qe7 13.
Rfe1 Nh5 14. Rad1 Qf6 15. dxe5 Nxe5 16. Nxe5 dxe5 17. Bxa7 Rxa7 18. Re3 Nf4 19. Kh2 Qh4 20. Rf1 Ra8 21. Qb5 Qe7 22. Nf3 Re8 23. Rd1 b6 24. Qc6 Rb8 25. Bb5 Bb7 26. Qd7 Qc5 27. Qxe8+ Rxe8 28. Bxe8 Qe7 29. Bb5 Bc8 30. Rd2 Kh7 31. Re1 Qf6 32. Re3 Qg6 33. Ne1 Qe6 34. Nc2 c6 35. Bf1 Qb3 36. Na3 Qxa4 37. Nc4 Qa1 38. Bd3 Nxd3 39. Rexd3 Ba6 40. Rd1 Qa2 41. Nxe5 Bxd3 42. Nxd3 Qa4 43. Re1 Qc2 44. Re3 c5 45. Kg3 f6 46. f4 c4 47. Nf2 Qxb2 48. e5 Qd2 49. Kf3 Qd5+ 50.
Ke2 fxe5 51. fxe5 Qe6 52. Kd2 a4 53. Kc1 Kg8 54. Nd1 Kf8 55.
Rf3+ Ke8 56. Ne3 Qxe5 57. Nxc4 Qe1+ 58. Kc2 Qe2+ 59. Nd2 Qxg2 60. h4 Qh1 61. Rf4 a3 62. Ra4 Qa1 63. Nc4 Qa2+ 64. Kc1 Qb3 65. Ra8+ Kf7 66. Nxa3 Qxc3+ 67. Nc2 Qc4 68. Ra7+ Kf6 69. Rb7 Qc6 70. Rb8 Qc7 71. Rf8+ Kg6 72. Kb1 Kh5 73. Ne3 Kxh4 74. Re8 g5 75. Nf5+ Kh5 76. Rh8 Qc6 1/2-1/2

[Event "African Open (w)"]
[Site "followchess.com"]
[Date "2022.09.21"]
[Round "4"]
[White "Vilhete, Vania Fausto Da T."]
[Black "ONOJA, Iyefu Joy"]
[Result "1/2-1/2"]
[ECO "D30"]
[WhiteElo "1718"]
[BlackElo "1762"]
[PlyCount "95"]
[EventDate "2022.??.??"]
[TimeControl "5400+30"]

1. d4 d5 2. c4 e6 3. e3 Nf6 4. Nf3 Be7 5. Nc3 Nbd7 6. Bd3 dxc4 7. Bxc4 c5 8.
O-O O-O 9. Re1 a6 10. a4 cxd4 11. exd4 Nb6 12. Bb3 Nbd5 13. Bg5 b6 14. Nxd5 exd5 15. Ne5 Bb7 16. Qf3 Ne4 17. Bxe7 Qxe7 18. Qe3 Qb4 19. Rad1 Rac8 20. f3 Nc3 21. Qd2 Qxb3 22. bxc3 Qxa4 23. Ra1 Qb3 24. Reb1 Qxc3 25. Qxc3 Rxc3 26. Rxb6 Bc8 27. Rd6 Be6 28.
Rdxa6 Rc2 29. Nd3 Rd2 30. Nc5 Bc8 31. R6a4 Re8 32. Ra8 Rxd4 33. Nb7 Rf8 34. Nd6 Be6 35. Nb5 Rd1+ 36. Rxd1 Rc8
37. Rb8 Rxb8 38. Nc7 Rd8 39.
Kf2 Kf8 40. Ke3 Rd7 41. Nb5 Ke7 42. Rc1 Rb7 43. Rc7+ Rxc7 44. Nxc7 Kd7 45. Na6 Kd6 46. Kd4 Bc8 47. Nb4 Bb7 48. g3 1/2-1/2

[Event "African Open (w)"]
[Site "followchess.com"]
[Date "2022.09.21"]
[Round "4"]
[White "Ofowino, Toritsemuwa"]
[Black "Mudodo, Refiloe Hazel"]
[Result "1-0"]
[ECO "D02"]
[WhiteElo "1857"]
[BlackElo "1683"]
[PlyCount "57"]
[EventDate "2022.??.??"]
[TimeControl "5400+30"]

1. d4 Nf6 2. Nf3 d5 3. c3 c5 4. dxc5 e6 5. b4 a5 6. e3 axb4 7. cxb4 b6 8. Bb5+ Bd7 9. Bxd7+ Nbxd7 10. a4 bxc5 11. b5 c4 12. O-O Bb4 13. Nd4 Nb8 14. Bb2 O-O 15. Nc3 Qa5 16. Qc2 Rc8 17. Ra2 Nfd7 18. Rfa1 Nc5 19. Nde2 Nb3 20. Rd1 Nd7 21. e4 Nb6 22. exd5 exd5 23. Nxd5 Nxd5 24. Rxd5 Nc5 25. Rd1 c3 26. Nxc3 Nxa4 27. Rxa4 Qxa4 28. Qxa4 Rxa4 29. Nxa4 1-0

[Event "African Open (w)"]
[Site "followchess.com"]
[Date "2022.09.21"]
[Round "4"]
[White "Nkhoma, Desiderata"]
[Black "Abigail Karyah"]
[Result "0-1"]
[ECO "C41"]
[WhiteElo "1446"]
[BlackElo "1435"]
[PlyCount "144"]
[EventDate "2022.??.??"]
[TimeControl "5400+30"]

1. e4 e5 2. Nf3 d6 3. h3 Nf6 4. Nc3 Be7 5. Bc4 h6 6. O-O O-O 7. d4 exd4 8.
Nxd4 Re8 9. Be3 Nbd7 10. Nf5 Bf8 11. Ng3 Ne5 12. Bb3 Be6 13. Bxe6 fxe6 14. Nh5 Nc4 15. Bc1 e5 16. Nxf6+ Qxf6 17. Qd5+
Qf7 18. Qxb7 Reb8 19. Qd5 Nxb2 20. Qxf7+ Kxf7 21. Nd5 Rb7 22. Bxb2 Rxb2 23. Nxc7 Rc8 24. Nd5 Rcxc2 25. a3 Ra2 26. Nb4 Rxa1 27. Rxa1 Rc4 28. f3 Ke6 29. Nd5 Be7 30. a4 Bd8 31. a5 a6 32. Ra2 Rc5 33. Nb6 Rb5 34. Kf2 Bxb6+ 35. axb6 Rxb6 36. Ra5 Kd7 37. h4 g6 38.
Kg3 h5 39. Ra3 Ke6 40. f4 exf4+ 41. Kxf4 d5 42. exd5+ Kxd5 43. Kg5 Kc4 44. Ra5 Kb4 45. Re5 a5 46. Re4+ Kc3 47. Ra4 Ra6 48. g4 hxg4 49. Kxg4 Kb3 50. Rf4 a4 51. Rf3+ Kc2 52. Rf2+ Kd1 53. h5 gxh5+ 54. Kxh5 a3 55. Ra2 Ra4 56. Kg5 Kc1 57. Kf5 Kb1 58. Rxa3 Rxa3 59. Ke5 Rd3 60. Ke4 Kc2 61. Ke5 Kc3 62. Ke6 Kc4 63. Ke5 Rd4 64. Ke6 Rd5 65. Ke7 Kc5 66. Ke6 Kc6 67. Kf6 Kd6
68. Kf7 Re5 69. Kf6 Kd5 70. Kg6 Ke6 71. Kh6 Kf6 72. Kh7 Re8 0-1

[Event "African Open (w)"]
[Site "followchess.com"]
[Date "2022.09.21"]
[Round "4"]
[White "Michael Bridget"]
[Black "Oyelese, Mayomi"]
[Result "1-0"]
[ECO "B55"]
[WhiteElo "1800"]
[BlackElo "1677"]
[PlyCount "81"]
[EventDate "2022.??.??"]
[TimeControl "5400+30"]

1. e4 c5 2. Nf3 d6 3. d4 cxd4 4. Nxd4 Nf6 5. f3 a6 6. c4 Nbd7 7. Be2 Qc7 8.
O-O e6 9. b3 Be7 10. Bb2 O-O 11. Nc3 Rd8 12. Kh1 b6 13. Qe1 Bb7 14. Qg3 Rac8 15. Rac1 Qc5 16. Rfd1 Nf8 17. Nc2 Ng6 18. Na4 Qc6 19. Nb4 Qc7 20. Qf2 Nd7 21. Nc2 Nc5 22. Nc3 Bh4 23. g3 Bf6 24. Ne3 Ne5 25.
b4 Ncd7 26. a3 Nc6 27. Ng4 Be7 28. Nd5 Qb8 29. Nxb6 Nxb6 30. Qxb6 f5 31. exf5 Ne5 32. Qd4 exf5 33. Nxe5 Bf6 34. Qf4 dxe5 35. Qxf5 Rxd1+ 36. Rxd1 e4 37. Bxf6 Rf8 38. Qe6+ Kh8 39. Bxg7+
Kxg7 40. Rd7+ Kh8 41. Qe7 1-0

[Event "African Open (w)"]
[Site "followchess.com"]
[Date "2022.09.21"]
[Round "4"]
[White "Yavo Tchetche, Marie"]
[Black "OLORUNTOLA, Oluwatobiloba"]
[Result "1/2-1/2"]
[ECO "D02"]
[WhiteElo "1363"]
[BlackElo "1918"]
[PlyCount "111"]
[EventDate "2022.??.??"]
[TimeControl "5400+30"]

1. d4 d5 2. Nf3 Nf6 3. g3 e6 4. Bg2 c5 5. e3 Nc6 6. a3 Be7 7. Nbd2 Qc7 8. c4 cxd4 9. exd4 b6 10. Qc2 Bb7 11. O-O dxc4 12. Qxc4 Rc8 13. Re1 O-O 14. Nb3 Nb8 15. Qxc7 Rxc7 16. Bd2 Bd5 17. Rac1 Rxc1 18. Nxc1 Rc8 19. Nd3 Ne4 20. Rc1 Rxc1+ 21. Bxc1 Nd7 22. Nde5 Nxe5 23. Nxe5 f6 24. Nf3 Nd6 25. Nd2 Bxg2 26. Kxg2 Kf8 27. a4 Ke8 28. b3 Kd7 29. Kf3 Kc6 30. Nc4 Kd5 31. Nxd6 Bxd6 32. Be3 a6 33. h4 Bb4 34. Ke2 Be7 35. Kd3 g5 36. hxg5 fxg5 37. g4 b5 38. axb5 axb5 39. f4 gxf4 40. Bxf4 Bf6 41. Be3 Bd8 42. Bf4 Bf6 43. Be3 Bg7 44. Bf2 Bf6 45. Be3 Be7 46. Bf4 Bf6 47. Be3 e5 48. dxe5 Bxe5 49. Bf2 Bd6 50. Bd4 Be5 51. Be3 Bf6 52. Bc1 Ba1 53. Bd2 Ke5 54. Be3 Bb2 55. Bd2 Kd5 56. g5 1/2-1/2

[Event "African Open (w)"]
[Site "followchess.com"]
[Date "2022.09.21"]
[Round "4"]
[White "Mbatha, Constance"]
[Black "Pires, Luzia"]
[Result "1-0"]
[ECO "B50"]
[WhiteElo "1613"]
[BlackElo "1839"]
[PlyCount "105"]
[EventDate "2022.??.??"]
[TimeControl "5400+30"]

1. e4 c5 2. Nf3 d6 3. Nc3 a6 4. Be2 Nf6 5. b3 g6 6. Bb2 Bg7 7. Rb1 O-O 8. O-O Nc6 9. d3 Qc7 10. h3 Bd7 11. a3 e6 12. Re1 Rad8 13. Bf1 e5 14. Ne2 Nh5 15. Bc1 f5 16. exf5 gxf5 17. Ng3 Nf6 18. Nh2 f4 19. Ne4 Nxe4 20. dxe4 Rf6 21. Kh1 Rdf8 22. Nf3 Bh6 23. Nh2 Rg6 24. Be2 Bc8 25. c3 Qe7 26. Bg4 Qh4 27. Bxc8 Rxc8 28. f3 Kh8 29. Bd2 Rcg8 30. Rg1 Qe7 31. Be1 Bg5 32. Bf2 Bh4 33. Qe1 Bg3 34. Nf1 Nd8 35. Bxg3 fxg3 36. Ne3 Ne6 37. Rb2 Nf4 38. Nd5 Qe6 39. Nxf4 exf4 40. Rf1 Rh6 41. Kg1 Rg5 42. Qd2 Qe5 43. Rc1 Re6 44. c4 Rg7 45. Rd1 Rge7 46. Rc2 Kg7 47. Qc1 Qf6 48. Rcd2 Rd7 49. Rd5 Re5 50. Rxe5 Qxe5 51. Rd5 Qf6 52. Kh1 Rf7 53. Qd1 1-0

[Event "African Open (w)"]
[Site "followchess.com"]
[Date "2022.09.21"]
[Round "4"]
[White "Marochkina, Nadezhda Valerevna"]
[Black "Ampaire Shakira"]
[Result "0-1"]
[ECO "D00"]
[WhiteElo "1689"]
[BlackElo "1657"]
[PlyCount "110"]
[EventDate "2022.??.??"]
[TimeControl "5400+30"]

1. d4 d5 2. Bf4 e6 3. e3 Bd6 4. Bxd6 Qxd6 5. Nd2 c5 6. Ngf3 Nc6 7. Be2 Nf6 8. O-O O-O 9. dxc5 Qxc5 10. c4 dxc4 11. Nxc4 Rd8 12. Qb3 b6 13. Rac1 Na5 14. Nxa5 Qxa5 15. Nd4 Bb7 16. Rc7 Bd5 17. Qa3 Qxa3 18. bxa3 Bxa2 19. Nc6 Rd7 20. Rxd7 Nxd7 21. Rd1 Bd5 22. Ne7+
Kf8 23. Nxd5 exd5 24. Rxd5 Ke7 25. Bf3 Rc8 26. Rd1 Rc2 27. Kf1 Ra2 28. Rd3 Ne5 29. Rc3 Nxf3 30. gxf3 Kd6 31. h4 a5 32. Kg2 b5 33. f4 b4 34. axb4 axb4 35. Rd3+ Kc6 36. Rd8 Ra7 37. Rb8 Rb7 38.
Rc8+ Kb5 39. Kf3 b3 40. Rc1 b2 41. Rb1 Kc4 42. Ke2 Kc3 43. Kd1 Rd7+ 44. Ke2 Kc2 45. Rxb2+ Kxb2 46. f5 h5 47. e4 f6 48. f4 Kc3 49. e5 Kd4 50. e6 Rc7 51.
Kf3 Kd3 52. Kf2 Ke4 53. Kg3 Ke3 54. Kg2 Kxf4 55. Kf2 Kxf5 0-1

[Event "African Open (w)"]
[Site "followchess.com"]
[Date "2022.09.21"]
[Round "4"]
[White "Likando Namakau"]
[Black "Pelomoh Jessica"]
[Result "1-0"]
[ECO "A46"]
[WhiteElo "1527"]
[BlackElo "1904"]
[PlyCount "99"]
[EventDate "2022.??.??"]
[TimeControl "5400+30"]

1. d4 Nf6 2. Bg5 e6 3. Nf3 Be7 4. e3 b6 5. Bd3 Bb7 6. Nc3 O-O 7. O-O d6 8. Qe2 Nbd7 9. Rad1 h6 10. Bh4 Re8 11. e4 d5 12. e5 Ne4 13.
Bxe7 Nxc3 14. bxc3 Qxe7 15. c4 c5 16. c3 Rac8 17. Rc1 dxc4 18.
Bxc4 cxd4 19. cxd4 Qb4 20. Bb3 Rxc1 21. Rxc1 Bxf3 22. Qxf3 Qxd4 23. Qb7 Nxe5 24. Qxa7 Qf4 25. Qc7 Nd3 26. Qxf4 Nxf4 27. Rc4 Nd5 28. Rc6 Ra8 29. Kf1 Kf8 30. Bxd5 exd5 31. Rxb6 Rxa2 32. Rb7 Ke8 33. h3 h5 34. Ke1 h4 35. Rb5 Ra1+ 36. Ke2 Rg1 37. Rxd5 Rxg2 38. Rd4 g5 39. Rd3 Ke7 40. Kf1 Rh2 41. Kg1 Rxh3 42. Rxh3 Ke6 43. f4 f6 44. fxg5 fxg5 45. Rf3 Ke5 46. Rf8 Ke4 47. Kg2 g4 48. Rh8 h3+ 49. Kg3 Kf5 50.
Rg8 1-0

[Event "African Open (w)"]
[Site "followchess.com"]
[Date "2022.09.21"]
[Round "4"]
[White "Laubscher, Anzel"]
[Black "Phiri Bertha"]
[Result "1-0"]
[ECO "C00"]
[WhiteElo "1705"]
[BlackElo "1584"]
[PlyCount "62"]
[EventDate "2022.??.??"]
[TimeControl "5400+30"]

1. e4 e6 2. d3 d5 3. Nd2 g6 4. Ngf3 Bg7 5. g3 Ne7 6. Bg2 O-O 7. O-O b6 8. Re1 Bb7 9. e5 c5 10. c3 Qc7 11. Nf1 Nbc6 12. Bf4 Rfd8 13. Qd2 Rd7 14. h4 d4 15. c4 Rb8 16. N1h2 Kh8 17. Ng4 Qd8 18.
Nf6 Rc7 19. Ng5 Ng8 20. Ngxh7 Bxf6 21. Nxf6 Qf8 22. Bg5 Nce7 23. Bxb7 Rcxb7 24. Kg2 Qc8 25. Nxg8 Kxg8 26. Bf6 Kh7 27. Qg5 Rd7 28. Bxe7 Qb7+ 29. Re4 Rxe7 30. h5 Rh8 31. hxg6+ Kg8 1-0

[Event "African Open (w)"]
[Site "followchess.com"]
[Date "2022.09.21"]
[Round "4"]
[White "Caxita, Esperanca"]
[Black "Ayemou Mazan Emmanuela Esther"]
[Result "1-0"]
[ECO "C53"]
[WhiteElo "1961"]
[BlackElo "1523"]
[PlyCount "61"]
[EventDate "2022.??.??"]
[TimeControl "5400+30"]

1. e4 e5 2. Nf3 Nc6 3. Bc4 Bc5 4. c3 Nf6 5. d3 h6 6. O-O d6 7. Nbd2 a5 8. a4 O-O 9. h3 Ne7 10. d4 exd4 11. cxd4 Bb6 12. Re1 Ng6 13. e5 dxe5 14. dxe5 Nd5 15. Ne4 Nb4 16. Qb3 Qe7 17. Ng3 Be6 18. Bd2 Qc5 19. Bxe6 Qxf2+ 20. Kh2 Nf4 21. Bxf4 Nc2 22. Bc4 Nxa1 23. Rxa1 Qc5 24. Re1 Qb4 25. Qc2 Kh8 26. Nf5 Qc5 27. Bxh6 gxh6 28. Qc1 Qc6 29. e6 Kg8 30. Qxh6 Bg1+ 31.
Kh1 1-0